 Dungeon Crawl Stone Soup version 0.23.1 (webtiles) character file.

Game seed: 12399883584435210743

10224 Xenon25 the Grappler (level 11, -1/102 HPs)
             Began as a Troll Berserker on Mar 13, 2019.
             Was an Elder of Trog.
             Shot with an arrow by a centaur warrior (19 damage)
             ... on level 12 of the Dungeon.
             The game lasted 00:21:07 (10139 turns).

Xenon25 the Grappler (Troll Berserker)             Turns: 10139, Time: 00:21:08

Health: -1/102     AC: 13    Str: 30    XL:     11   Next: 33%
Magic:  10/10      EV:  9    Int:  3    God:    Trog [****..]
Gold:   861        SH:  9    Dex:  9    Spells: 10/10 levels left

rFire    x . .     SeeInvis +     - Unarmed
rCold    + . .     Gourm    +   N - +0 shield
rNeg     . . .     Faith    .   f - +0 acid dragon scales
rPois    .         Spirit   .   (helmet restricted)
rElec    .         Reflect  .   v - +2 cloak {MR+}
rCorr    +         Harm     +   (gloves unavailable)
MR       +....                  (boots unavailable)
Stlth    ++........             B - amulet of harm
HPRegen  0.67/turn              O - ring of ice
MPRegen  0.12/turn              D - ring of see invisible

@: about to teleport, lightly drained
A: large, unfitting armour, claws 3, fast metabolism 3, gourmand, regeneration
1, shaggy fur 1, tough skin 3
a: Berserk, Trog's Hand, Brothers in Arms, Renounce Religion


You were on level 12 of the Dungeon.
You worshipped Trog.
Trog was greatly pleased with you.
You were full.

You visited 1 branch of the dungeon, and saw 12 of its levels.

You collected 1115 gold pieces.
You spent 254 gold pieces at shops.

Inventory:

Armour
 a - a +2 troll leather armour
 f - +0 acid dragon scales (worn)
 v - a +2 cloak of magic resistance (worn)
 N - a +0 shield (worn)
Jewellery
 B - an amulet of harm (around neck)
 D - a ring of see invisible (right claw)
 O - a ring of ice (left claw)
Wands
 m - a wand of paralysis (12)
 s - a wand of iceblast (18)
 t - a wand of flame (34)
 w - a wand of acid (8)
 C - a wand of clouds (4)
 G - a wand of enslavement (3)
 J - a wand of scattershot (3)
 M - a wand of polymorph (6)
Scrolls
 c - 7 scrolls of teleportation
 e - 7 scrolls of remove curse
 i - 2 scrolls of identify
 n - 2 scrolls of magic mapping
 o - 2 scrolls of enchant weapon
 A - 4 scrolls of fear
 I - a scroll of fog
 P - a scroll of vulnerability {unknown}
Potions
 d - 6 potions of haste
 g - 2 potions of lignification {unknown}
 h - 2 potions of magic
 j - 3 potions of resistance {unknown}
 k - a potion of flight {unknown}
 p - 2 potions of brilliance {unknown}
 u - a potion of degeneration {unknown}
 x - 2 potions of cancellation {unknown}
 H - 2 potions of invisibility
 K - a potion of mutation {unknown}
 L - a potion of curing {unknown}
 Q - a potion of berserk rage {unknown}
Comestibles
 b - 15 rations


   Skills:
 + Level 5.1(4.6) Fighting
 + Level 1.1(0.7) Armour
 + Level 6.9(6.4) Dodging
 + Level 3.5(3.1) Stealth
 + Level 2.8(2.4) Shields
 + Level 13.4(12.8) Unarmed Combat


You had 10 spell levels left.
You didn't know any spells.
Your spell library was empty.

Dungeon Overview and Level Annotations

Branches:
Dungeon (12/15)            Temple (0/1) D:7            Lair (0/6) D:10
    Orc (0/2) D:11

Altars:
Cheibriados
Dithmenos
Yredelemnul

Shops:
D:5 [?   D:9 (   D:11 *

Annotations:
D:2 1 runed translucent door
D:12 1 runed translucent door


Innate Abilities, Weirdness & Mutations

You are too large for most types of armour.
You have claws for hands.
Your metabolism is lightning-fast.
You like to eat raw meat.
Your natural rate of healing is unusually fast.
You are covered in fur. (AC +1)
You have extremely tough skin. (AC +3)


Message History

You see here an arrow.
The centaur warrior shoots an arrow.
The arrow hits you!
* * * LOW HITPOINT WARNING * * *
You see here an arrow.
Your skin stops crawling.
You feel less resistant to hostile enchantments.
The centaur warrior shoots an arrow.
You block the arrow.
There is an open door here.
You see here an arrow.
As you read the scroll of teleportation, it crumbles to dust.
You feel strangely unstable.
The centaur warrior unwields a +0 shortbow.
The centaur warrior hits you.
* * * LOW HITPOINT WARNING * * *
The centaur warrior wields a +0 shortbow.
The centaur warrior shoots an arrow.
The arrow hits you!
* * * LOW HITPOINT WARNING * * *
You see here an arrow.
The centaur warrior shoots an arrow.
The arrow hits you!
You die...

#..###.##.......
#..#...#.c....c.
#.....##§## ##
##.....#C#§# #..
####.....##§§H#.+C.
#####........#§#§#..#y.
###.....#####.##§§§...###
##..>.#### #..#C#§#.#[...
##..#### #@##(§.....##.
#..## #(#(#(#.#.#..#
##..# #.#.H.........
#...# #.c###########
#...# #......... ##..##
#.####...# ##..###
#.###..... #....###
##........
##.....#####.........


You could see a centaur warrior.

Vanquished Creatures
  Erica (D:8)
  2 ugly things (D:11)
  An elephant (D:10)
  Psyche (D:8)
  A gargoyle (D:12)
  A tengu conjurer (D:10)
  2 trolls (D:11)
  A slime creature (D:12)
  3 hippogriffs
  A shadow (D:10)
  A basilisk (D:10)
  Grum (D:8)
  3 hungry ghosts
  A steam dragon (D:11)
  An acid dragon (D:11)
  2 water moccasins
  2 ice beasts
  4 black bears
  7 ogres
  A necrophage (D:10)
  4 wolves (D:8)
  8 centaurs
  2 crocodiles
  A big kobold (D:11)
  4 bullfrogs
  A gnoll sergeant (D:9)
  A scorpion (D:11)
  4 killer bees (D:8)
  9 howler monkeys
  3 wights (D:11)
  2 bullfrog zombies
  4 crimson imps
  A centaur zombie (D:12)
  4 hounds
  5 orc priests
  4 jellies
  2 bullfrog skeletons (D:12)
  2 centaur skeletons
  2 iguanas (D:5)
  9 orc wizards
  8 worker ants
  2 hound skeletons (D:5)
  2 hound zombies
  A worker ant zombie (D:7)
  14 adders
  10 gnolls
  4 shadow imps
  A dart slug (D:1)
  7 leopard geckos
  29 orcs
  A ball python (D:1)
  4 giant cockroaches
  5 hobgoblins
  3 jackals
  12 kobolds
  4 quokkas
  4 bats
  6 frilled lizards
  5 goblins
  12 rats
  A plant (D:10)
244 creatures vanquished.

Vanquished Creatures (others)
  A vampire (D:12)
1 creature vanquished.

Grand Total: 245 creatures vanquished

Notes
Turn   | Place    | Note
-------+----------+-------------------------------------------
     0 | D:1      | Xenon25 the Troll Berserker began the quest for the Orb.
     0 | D:1      | Reached XP level 1. HP: 22/22 MP: 0/0
   171 | D:1      | Reached XP level 2. HP: 26/29 MP: 1/1
   730 | D:2      | Reached XP level 3. HP: 36/36 MP: 2/2
   733 | D:2      | Reached ** piety under Trog
   999 | D:2      | Found a runed translucent door.
   999 | D:2      | Noticed a human
  1004 | D:2      | Found a basalt altar of Yredelemnul.
  1299 | D:3      | Found a snail-covered altar of Cheibriados.
  1461 | D:3      | Reached skill level 4 in Unarmed Combat
  1727 | D:3      | Reached XP level 4. HP: 37/44 MP: 3/3
  2173 | D:4      | Found a shadowy altar of Dithmenos.
  2276 | D:4      | Reached XP level 5. HP: 48/52 MP: 4/4
  2525 | D:4      | You fall through a shaft!
  2525 | D:5      | Entered Level 5 of the Dungeon
  2535 | D:5      | Reached skill level 5 in Unarmed Combat
  2603 | D:5      | Reached XP level 6. HP: 51/59 MP: 5/5
  2652 | D:5      | Reached skill level 6 in Unarmed Combat
  2715 | D:5      | Reached skill level 1 in Stealth
  2793 | D:5      | Reached XP level 7. HP: 65/67 MP: 6/6
  2856 | D:5      | Reached skill level 7 in Unarmed Combat
  3509 | D:5      | Reached XP level 8. HP: 56/75 MP: 7/7
  3543 | D:5      | Found Zanewor Emio's Magic Scroll Shoppe.
  3547 | D:5      | Bought a scroll of teleportation for 39 gold pieces
  3553 | D:5      | Reached skill level 8 in Unarmed Combat
  3741 | D:5      | Found Peantemi's Armour Emporium.
  3748 | D:5      | Bought a +2 cloak of magic resistance for 215 gold pieces
  4778 | D:6      | Reached skill level 9 in Unarmed Combat
  4950 | D:7      | Reached skill level 5 in Dodging
  5087 | D:7      | Found a staircase to the Ecumenical Temple.
  5104 | D:7      | Reached XP level 9. HP: 84/84 MP: 8/8
  5443 | D:7      | Reached skill level 10 in Unarmed Combat
  5534 | D:7      | Reached *** piety under Trog
  5764 | D:8      | Noticed Erica
  5782 | D:8      | Killed Erica
  5782 | D:8      | Reached skill level 11 in Unarmed Combat
  5882 | D:8      | Noticed Psyche
  5887 | D:8      | Killed Psyche
  5977 | D:8      | Noticed Grum
  5981 | D:8      | Reached XP level 10. HP: 94/94 MP: 9/9
  5985 | D:8      | Killed Grum
  6468 | D:9      | Found Uzuzake's Weapon Shop.
  6510 | D:9      | Reached **** piety under Trog
  6613 | D:9      | Reached skill level 12 in Unarmed Combat
  6925 | D:10     | Entered Level 10 of the Dungeon
  6931 | D:10     | Reached skill level 1 in Shields
  7066 | D:10     | Found a staircase to the Lair.
  7066 | D:10     | Noticed an elephant
  7078 | D:10     | Killed an elephant
  7654 | D:10     | Reached skill level 5 in Fighting
  7844 | D:11     | Noticed a cyan ugly thing
  7863 | D:11     | Killed a cyan ugly thing
  7863 | D:11     | Reached skill level 13 in Unarmed Combat
  7863 | D:11     | Reached XP level 11. HP: 10/102 MP: 10/10
  8133 | D:11     | Found a staircase to the Orcish Mines.
  8629 | D:11     | Found Potel's General Store.
  9061 | D:11     | Noticed a green ugly thing
  9068 | D:11     | Killed a green ugly thing
 10085 | D:12     | Found a runed translucent door.
 10090 | D:12     | Noticed an ettin
 10111 | D:12     | Noticed a centaur warrior
 10121 | D:12     | HP: 2/102 [vampire/vampiric draining (13)]
 10123 | D:12     | Reached skill level 1 in Armour
 10139 | D:12     | Shot with an arrow by a centaur warrior

Skill      XL: |  1  2  3  4  5  6  7  8  9 10 11 |
---------------+----------------------------------+-----
Dodging        | 3 4 5 6 |  6.9
Unarmed Combat | 4 5 6 7 9 11 13 | 13.4
Fighting       | 3 4 5 |  5.1
Stealth        | 1 2 3 |  3.5
Shields        | 2 |  2.8
Armour         | 1 |  1.1

Action                   |  1- 3 |  4- 6 |  7- 9 | 10-12 || total
-------------------------+-------+-------+-------+-------++-------
Melee: Unarmed           |   120 |   105 |   179 |   291 ||   695
       Punch             |     1 |     2 |     8 |     3 ||    14
Invok: Trog's Hand       |       |     3 |     5 |    13 ||    21
       Berserk           |       |     2 |     1 |     5 ||     8
  Use: Scroll            |       |     3 |       |    15 ||    18
       Potion            |       |       |       |     2 ||     2
 Stab: Sleeping          |       |       |     5 |     1 ||     6
  Eat: Chunk             |    11 |    16 |    33 |    37 ||    97
       Ration            |     1 |     1 |       |     7 ||     9
Armor: Animal skin       |    21 |       |       |       ||    21
       Robe              |    10 |    28 |    63 |    75 ||   176
       Acid dragon scale |       |       |       |    13 ||    13
       Troll leather arm |       |       |       |     7 ||     7
Dodge: Dodged            |    63 |    53 |    76 |    90 ||   282
Block: Shield            |       |       |       |    94 ||    94
